 Dungeon Crawl Stone Soup version 0.31.0-9-g3a7656b989 (webtiles) character file.

Game seed: 7742889680299319603

11 qw the Shooter (level 2, 0/16 HPs)
             Began as a Deep Elf Hunter on Feb 2, 2024.
             Slain by a goblin
             ... wielding a +0 club
              (4 damage)
             ... on level 1 of the Dungeon.
             The game lasted 00:00:00 (276 turns).

qw the Shooter (Deep Elf Hunter)                     Turns: 276, Time: 00:00:01

Health: 0/16       AC:  3    Str:  8    XL:     2   Next: 17%
Magic:  4/4        EV: 12    Int: 13    God:
Gold:   35         SH:  0    Dex: 18    Spells: 1/1 levels left

rFire   . . .        a - +0 shortbow
rCold   . . .        (shield currently unavailable)
rNeg    . . .        c - +0 leather armour
rPois   .            (no helmet)
rElec   .            (no cloak)
rCorr   .            (no gloves)
SInv    .            (no boots)
Will    .....        (no amulet)
Stlth   ++           (no ring)
HPRegen 0.22/turn    (no ring)
MPRegen 0.09/turn

%: no passive effects
@: no status effects
A: no striking features
a: no special abilities


You were on level 1 of the Dungeon.
You visited 1 branch of the dungeon, and saw 1 of its levels.

You collected 35 gold pieces.


   Skills:
 - Level 1.5 Fighting
 + Level 6.0 Ranged Weapons
 - Level 2.4 Dodging
 - Level 1.2 Stealth


You had one spell level left.
You didn't know any spells.
Your spell library was empty.

Inventory:

Hand Weapons
 a - a +0 shortbow (weapon)
Armour
 c - a +0 leather armour (worn)
 f - a +0 ring mail
Jewellery
 g - a ring of wizardry
Scrolls
 b - a scroll of butterflies
 d - a scroll of enchant weapon {unknown}
 e - a scroll of teleportation {unknown}

Dungeon Overview and Level Annotations

Branches:
Dungeon (1/15)

Altars:


Message History

You shoot an arrow. The arrow hits the frilled lizard.
You kill the frilled lizard!
You start resting.
HP restored.
You see here a frilled lizard corpse.
Found a book of Vapours.
You now have 17 gold pieces (gained 7).
Found a stone staircase leading down.
Found 5 stones.
g - a ring of wizardry You now have 35 gold pieces (gained 18).
There is a stone staircase leading down here.
You see here 5 stones.
A goblin and a rat come into view.
Found a scroll labelled BEC MIUGYRA.
The goblin shouts!
A quokka comes into view.
You shoot an arrow. The arrow barely misses the rat.
The rat squeaks loudly.
You hear an angry hiss.
You shoot an arrow. The arrow completely misses the rat.
A frilled lizard comes into view.
You shoot an arrow. The arrow barely misses the rat.
The rat barely misses you.
You shoot an arrow. The arrow hits the rat!
You kill the rat!
You shoot an arrow. The arrow misses the quokka.
The quokka barely misses you.
You shoot an arrow. The arrow hits the quokka!
You kill the quokka!
The goblin hits you with a +0 club.
You shoot an arrow. The arrow barely misses the goblin.
The arrow closely misses the frilled lizard.
The goblin hits you with a +0 club. x2
You shoot an arrow. The arrow hits the goblin.
The goblin is severely wounded.
The goblin hits you with a +0 club. The frilled lizard closely misses you.
You shoot an arrow. The arrow barely misses the goblin.
The goblin hits you with a +0 club.
You die...

.###
#.#####..######.....
#....##.## #.....
#)......# #.....
#.......# ###..##
...........# #...###
####.......# #.### #
#####.########.###
#######...##.........#
......g@####.........#
.###..l..(>..........#
....#.######.........#
?..... #.........# .
..# ########### ....
... ..


You could see a goblin and a frilled lizard.

Vanquished Creatures
  2 ball pythons (D:1)
  3 endoplasms (D:1)
  A giant cockroach (D:1)
  A quokka (D:1)
  A frilled lizard (D:1)
  3 rats (D:1)
11 creatures vanquished.

Notes
Turn   | Place    | Note
-------+----------+-------------------------------------------
     0 | D:1      | qw the Deep Elf Hunter began the quest for the Orb.
     0 | D:1      | Reached XP level 1. HP: 12/12 MP: 3/3
     0 | D:1      | 0 ||| qw: Version: 0.3-a-155-g5e7d8dd
     0 | D:1      | 0 ||| qw: Game counter: 1763
     0 | D:1      | 0 ||| qw: Melee chars always use a shield: true
     0 | D:1      | 0 ||| qw: God list: Okawaru
     0 | D:1      | 0 ||| qw: Allow faded altars: false
     0 | D:1      | 0 ||| qw: Do Orc after clearing Dungeon:15 true
     0 | D:1      | 0 ||| qw: Do second Lair branch before Depths: true
     0 | D:1      | 0 ||| qw: Lair rune preference: random
     0 | D:1      | 0 ||| qw: Goals: Normal
     0 | D:1      | 0 ||| PLANNING D:1-11
    68 | D:1      | 68 ||| DROPPING +1 sling of freezing.
   146 | D:1      | HP: 2/12 [giant cockroach (2)]
   149 | D:1      | Reached skill level 6 in Ranged Weapons
   149 | D:1      | Reached XP level 2. HP: 2/16 MP: 4/4
   275 | D:1      | HP: 4/16 [goblin/+0 club (2)]
   276 | D:1      | Slain by a goblin

Levels and vault maps discovered:
D:1:      onia_arrival_handbag, layout_rooms

Skill      XL: |  1 |
---------------+----+-----
Ranged Weapons | 6 |  6.0
Fighting       | |  1.5
Dodging        | |  2.4
Stealth        | |  1.2

Action                     || total
---------------------------++-------
   Fire: Shortbow          ||    40
 Armour: Leather armour    ||    24
  Dodge: Dodged            ||    31

Table legend:
 A = Non-vault XP
 B = Vault XP
 C = Vault XP percentage of total XP
 D = Non-vault monster count
 E = Vault monster count
 F = Vault count percentage of total count
                 A         B        C        D         E       F
            +---------+---------+-------+---------+---------+-------
      Total |      13 |       4 |  23.5 |       8 |       3 |  27.3
            +---------+---------+-------+---------+---------+-------
        D:1 |      13 |       4 |  23.5 |       8 |       3 |  27.3
            +---------+---------+-------+---------+---------+-------
